 Dungeon Crawl Stone Soup version 0.24.1 (webtiles) character file.

Game seed: 3222550477919574177, levelgen mode: deterministic

599831 Vanger27 the Slayer (level 27, -1/155 HPs)
             Began as a Gargoyle Fighter on Mar 18, 2020.
             Was the Champion of Okawaru.
             Splashed by an acid blob's acid (8 damage)
             ... created by the Royal Jelly
             ... on level 4 of the Pits of Slime on Mar 26, 2020.
             The game lasted 09:47:55 (72956 turns).

Vanger27 the Slayer (Gargoyle Fighter)             Turns: 72956, Time: 09:47:56

Health: -1/155     AC: 29    Str: 28    XL:     27
Magic:  25/28      EV: 18    Int: 13    God:    Okawaru [******]
Gold:   3724       SH: 34    Dex: 21    Spells: 26/26 levels left

rFire    + . .     SeeInvis +   N - +9 long sword "Zirogg" {slice, rElec rC+ MR+ Stlth-}
rCold    + + +     Gourm    .   u - +7 large shield {reflect}
rNeg     + + +     Faith    .   V - +12 plate armour of the Game Afoot {Str+2 Int+4}
rPois    ∞         Spirit   .   b - +0 hat of the Moon {rN++ SInv}
rElec    +         Reflect  +   H - +2 cloak {MR+}
rCorr    .         Harm     .   y - +0 pair of fencer's gloves {Riposte Dex+3}
MR       +++++     Rnd*Rage +   S - +2 pair of boots {run} Stlth ..........Rnd*Tele +
                                c - amulet of regeneration
HPRegen  0.75/turn              B - ring of the Enemy {MR+ Str+3}
MPRegen  0.21/turn              R - ring "Wenyoles" {rC+ Dex+3 Slay+2 SInv}

@: finesse, corroded, berserk cooldown, flying, slowed, studying 2 skills, very
slow
A: big wings, claws 1, thin metallic scales 1, berserk 2, blurry vision 1,
clumsy 1, cold resistance 1, deterioration 1, dopey 1, fire resistance 1, frail
2, negative energy resistance 1, sense surroundings 1, screaming 1, electricity
resistance, teleportitis 1, unbreathing, evolution 1, petrification resistance,
no potion heal 1, rot immunity, AC +20
}: 3/15 runes: serpentine, barnacled, silver
a: Stop Flying, Heroism, Finesse, Renounce Religion


You were on level 4 of the Pits of Slime.
You worshipped Okawaru.
Okawaru was exalted by your worship.
You were not hungry.

You visited 12 branches of the dungeon, and saw 52 of its levels.
You also visited: Ossuary, Gauntlet and Ice Cave.

You collected 7449 gold pieces.
You spent 3725 gold pieces at shops.

Inventory:

Hand Weapons
 s - the +9 spear of Asouraerr {freeze, Str+7 Dex+3}
   (Okawaru gifted it to you on level 3 of the Vaults)

   It has been specially enchanted to freeze those struck by it, causing extra
   injury to most foes and up to half again as much damage against particularly
   susceptible opponents.
   It can also slow down cold-blooded creatures.
   It affects your strength (+7).
   It affects your dexterity (+3).
 N - the +9 long sword "Zirogg" (weapon) {slice, rElec rC+ MR+ Stlth-}
   (You found it on level 2 of the Depths)

   It inflicts extra damage upon your enemies.
   It protects you from cold.
   It insulates you from electricity.
   It affects your resistance to hostile enchantments.
   It makes you less stealthy.
Missiles
 p - 46 silver javelins (quivered)
Armour
 b - the +0 hat of the Moon (worn) {rN++ SInv}
   (You found it on level 3 of the Depths)

   It greatly protects you from negative energy.
   It lets you see invisible.
 u - a +7 large shield of reflection (worn)
 y - the +0 pair of fencer's gloves (worn) {Riposte Dex+3}
   (You bought it in a shop on level 13 of the Dungeon)

   It affects your dexterity (+3).
 H - a +2 cloak of magic resistance (worn)
 S - a +2 pair of boots of running (worn)
 V - the +12 plate armour of the Game Afoot (worn) {Str+2 Int+4}
   (You found it in an ice cave)

   It affects your strength (+2).
   It affects your intelligence (+4).
Jewellery
 c - an amulet of regeneration (around neck)
 B - the ring of the Enemy (left hand) {MR+ Str+3}
   (You found it in a Gauntlet)

   [ring of protection from magic]

   It affects your strength (+3).
   It affects your resistance to hostile enchantments.
 E - an uncursed amulet of the acrobat
 R - the ring "Wenyoles" (right hand) {rC+ Dex+3 Slay+2 SInv}
   (You took it off a vault sentinel on level 4 of the Vaults)

   [ring of dexterity]

   It affects your dexterity (+3).
   It affects your accuracy and damage with ranged weapons and melee attacks
   (+2).
   It protects you from cold.
   It lets you see invisible.
Wands
 a - a wand of clouds (3)
 j - a wand of acid (24)
 k - a wand of polymorph (23)
 m - a wand of disintegration (49)
 x - a wand of paralysis (59)
 Q - a wand of flame (167)
 U - a wand of enslavement (24)
Scrolls
 d - a scroll of holy word
 g - 20 scrolls of remove curse
 q - a scroll of identify
 t - 3 scrolls of fog
 v - 12 scrolls of magic mapping
 w - a scroll of torment
 z - 5 scrolls of fear
 D - 5 scrolls of immolation
 G - 14 scrolls of teleportation
 K - 5 scrolls of enchant weapon
 O - 7 scrolls of vulnerability
 T - 4 scrolls of brand weapon
 Z - 2 scrolls of silence
Potions
 e - 8 potions of curing
 h - a potion of mutation
 i - 4 potions of might
 l - 4 potions of cancellation
 n - 4 potions of magic
 o - 3 potions of berserk rage
 F - 6 potions of brilliance
 M - 4 potions of ambrosia
 W - 2 potions of haste
 X - 4 potions of agility
 Y - 2 potions of resistance
Books
 A - a manual of Stealth
 C - a manual of Charms
Miscellaneous
 r - the horn of Geryon
Comestibles
 f - 19 rations


   Skills:
 + Level 25.6 Fighting
   Level 8.0(12.3) Short Blades
 + Level 14.6(15.3) Long Blades
   Level 15.2(16.3) Axes
   Level 9.4(14.0) Maces & Flails
 - Level 6.0(11.7) Polearms
 + Level 16.2 Armour
 + Level 13.5 Dodging
 + Level 5.0 Stealth
 - Level 25.0 Shields
 + Level 7.7 Invocations
 + Level 2.6 Evocations


You had 26 spell levels left.
You didn't know any spells.
Your spell library contained the following spells:

 Spells                   Type           Power        Failure   Level  Hunger
 Animate Skeleton         Necr           N/A          86%         1    ##.....
 Apportation              Tloc           #.....       86%         1    ##.....
 Corona                   Hex            #......      86%         1    ##.....
 Infusion                 Chrm           #...         86%         1    ##.....
 Magic Dart               Conj           #...         86%         1    ##.....
 Pain                     Necr           #...         86%         1    ##.....
 Shock                    Conj/Air       #...         86%         1    ##.....
 Sting                    Conj/Pois      #...         86%         1    ##.....
 Summon Butterflies       Summ           #.......     86%         1    ##.....
 Summon Small Mammal      Summ           #...         86%         1    ##.....
 Blink                    Tloc           N/A          95%         2    ###....
 Call Imp                 Summ           #.......     95%         2    ###....
 Corpse Rot               Necr           N/A          95%         2    ###....
 Passwall                 Tmut/Erth      #.......     95%         2    ###....
 Poisonous Vapours        Pois/Air       #.....       95%         2    ###....
 Searing Ray              Conj           #.....       95%         2    ###....
 Shroud of Golubria       Chrm/Tloc      #.....       95%         2    ###....
 Slow                     Hex            #.......     95%         2    ###....
 Song of Slaying          Chrm           #.......     95%         2    ###....
 Swiftness                Chrm/Air       #.......     95%         2    ###....
 Call Canine Familiar     Summ           #.......     99%         3    ####...
 Conjure Flame            Conj/Fire      #.......     99%         3    ####...
 Dazzling Spray           Conj/Hex       #.....       99%         3    ####...
 Gell's Gravitas          Tloc           #.........   99%         3    ####...
 Ignite Poison            Fire/Tmut/Pois #.......     99%         3    ####...
 Inner Flame              Hex/Fire       #.......     99%         3    ####...
 Lesser Beckoning         Tloc           #.........   99%         3    ####...
 Mephitic Cloud           Conj/Pois/Air  #.......     99%         3    ####...
 Ozocubu's Armour         Chrm/Ice       #.......     99%         3    ####...
 Portal Projectile        Hex/Tloc       #.....       99%         3    ####...
 Recall                   Summ/Tloc      N/A          99%         3    ####...
 Regeneration             Chrm/Necr      #.........   99%         3    ####...
 Spectral Weapon          Hex/Chrm       #.......     99%         3    ####...
 Static Discharge         Conj/Air       #.......     99%         3    ####...
 Summon Guardian Golem    Hex/Summ       #.......     99%         3    ####...
 Teleport Other           Tloc           #.......     99%         3    ####...
 Tukima's Dance           Hex            #.......     99%         3    ####...
 Vampiric Draining        Necr           #.........   99%         3    ####...
 Animate Dead             Necr           N/A          100%        4    #####..
 Cause Fear               Hex            #.........   100%        4    #####..
 Force Lance              Conj/Tloc      #.......     100%        4    #####..
 Fulminant Prism          Conj/Hex       #.........   100%        4    #####..
 Iskenderun's Mystic Bla  Conj           #.......     100%        4    #####..
 Leda's Liquefaction      Hex/Erth       #.........   100%        4    #####..
 Olgreb's Toxic Radiance  Pois           #.......     100%        4    #####..
 Passage of Golubria      Tloc           N/A          100%        4    #####..
 Petrify                  Tmut/Erth      #.......     100%        4    #####..
 Summon Ice Beast         Ice/Summ       #.......     100%        4    #####..
 Summon Lightning Spire   Summ/Air       #.......     100%        4    #####..
 Agony                    Necr           #.......     100%        5    ######.
 Alistair's Intoxication  Tmut/Pois      #.......     100%        5    ######.
 Aura of Abjuration       Summ           #.........   100%        5    ######.
 Bolt of Draining         Conj/Necr      #.........   100%        5    ######.
 Bolt of Magma            Conj/Fire/Erth #.........   100%        5    ######.
 Borgnjor's Vile Clutch   Necr/Erth      #.........   100%        5    ######.
 Dispel Undead            Necr           #.......     100%        5    ######.
 Excruciating Wounds      Chrm/Necr      #.........   100%        5    ######.
 Irradiate                Conj/Tmut      #.........   100%        5    ######.
 Iskenderun's Battlesphe  Conj/Chrm      #.......     100%        5    ######.
 Lee's Rapid Deconstruct  Erth           #.........   100%        5    ######.
 Summon Demon             Summ           #.........   100%        5    ######.
 Summon Forest            Summ/Tloc      #.........   100%        5    ######.
 Summon Mana Viper        Hex/Summ       #.......     100%        5    ######.
 Venom Bolt               Conj/Pois      #.........   100%        5    ######.
 Bolt of Cold             Conj/Ice       #.........   100%        6    #######
 Darkness                 Hex            #.........   100%        6    #######
 Death Channel            Necr           #.........   100%        6    #######
 Freezing Cloud           Conj/Ice/Air   #.........   100%        6    #######
 Invisibility             Hex            #.......     100%        6    #######
 Iron Shot                Conj/Erth      #.........   100%        6    #######
 Shadow Creatures         Summ           N/A          100%        6    #######
 Simulacrum               Ice/Necr       #.........   100%        6    #######
 Orb of Destruction       Conj           #.........   100%        7    #######
 Ring of Flames           Chrm/Fire      #.........   100%        7    #######
 Spellforged Servitor     Conj/Summ      #.........   100%        7    #######
 Summon Hydra             Summ           #.........   100%        7    #######
 Shatter                  Erth           #.........   100%        9    #######
 Sublimation of Blood     Necr           Unusable     N/A         2    N/A
 Statue Form              Tmut/Erth      Unusable     N/A         6    N/A

Dungeon Overview and Level Annotations

Branches:
Dungeon (15/15)            Temple (1/1) D:5            Lair (6/6) D:9
 Shoals (4/4) Lair:4        Snake (4/4) Lair:3        Slime (5/5) Lair:5
    Orc (2/2) D:10            Elf (3/3) Orc:2        Vaults (5/5) D:14
  Crypt (1/3) Vaults:2     Depths (5/5) D:15           Hell (visited)
    Dis (0/7) Hell            Geh (0/7) Hell            Coc (0/7) Hell
    Tar (0/7) Hell            Zot (0/5) Depths:5    Ossuary (visited)
  IceCv (visited)         Gauntlet (visited)

Altars:
Ashenzari
Cheibriados
Dithmenos
Elyvilon
Fedhas
Gozag
Hepliaklqana
Kikubaaqudgha
Makhleb
Nemelex Xobeh
Okawaru
Qazlal
Ru
Sif Muna
Trog
Uskayaw
Vehumet
Wu Jian
Xom
Yredelemnul
Zin
The Shining One
Beogh
Jiyva

Shops:
D:10 (   D:13 [***   Orc:2 }(=%   Elf:2 =   Elf:3 (   Snake:1 =(
Snake:4 ?==}?   Depths:2 (   Depths:3 [   Depths:5 :

Portals:
Hell: Depths:1 Depths:2 Depths:3 Depths:4 Depths:5
Abyss: Depths:4
Pandemonium: Depths:3 Depths:4
Ziggurat: Depths:5
Trove: Depths:2 (give 16 potions of curing)

Annotations:
D:6 3 runed translucent doors, dragonscale333's ghost, novice MiFi
Snake:2 Saint Roka
Slime:5 Royal Jelly
Crypt:1 Sojobo


Innate Abilities, Weirdness & Mutations

You are resistant to torment.
Your stone body is resilient. (AC +20)
You are immune to poison.
Your large and strong wings let you fly indefinitely.
You resist negative energy. (rN+)
You are resistant to electric shocks. (rElec)
You can survive without breathing.
You are immune to petrification.
You are immune to rotting.
You have sharp fingernails.
You are partially covered in thin metallic scales. (AC +2)
You often lose your temper in combat.
Scrolls take you a little longer to read.
You are clumsy. (Dex -2)
Your flesh is cold resistant. (rC+)
Your body sometimes deteriorates upon taking damage.
You are dopey. (Int -2)
Your flesh is heat resistant. (rF+)
You are very frail. (-20% HP)
You passively map a small area around you.
You occasionally shout uncontrollably at your foes.
You are occasionally teleported next to monsters.
You evolve.
Potions are less effective at restoring your health.


Message History

The splash of acid hits you but does no damage.
The acid corrodes you!
You are splashed with acid!
* * * LOW HITPOINT WARNING * * *
You block the acid blob's attack. The azure jelly misses you.
You riposte.
You closely miss the azure jelly. You block the azure jelly's attack.
The azure jelly completely misses you. You block the azure jelly's attack.
You block the acid blob's attack. The acid blob barely misses you.
You riposte.
You hit the acid blob but do no damage.
The acid blob is lightly wounded.
You block the azure jelly's attack. The azure jelly closely misses you. x2
The azure jelly misses you. You block the acid blob's attack. x2
You begin reading the scroll.
You continue reading the scroll.
The azure jelly barely misses you.
You riposte.
You hit the azure jelly.
The azure jelly is lightly wounded.
The azure jelly hits you but does no damage.
You block the azure jelly's attack. x2; The acid blob hits you.
* * * LOW HITPOINT WARNING * * *
The acid corrodes you!
You are splashed with acid!
You die...

#....##..##....#..........##
#.......................#.#
##..................#.###...#
#...................######.##
##.#.#.....#..#......##.##.##
#####.......^.......#......#
##..#..................#...###
#.....................#.....#.
##...........@J............#..
#..........J.J..#............
##.##........................
##.##.......#.....#..........
#.........................#..
###.##.......#...<............
#....#......#.................
................#.............
#.#..#.....##..#..............


You could see 2 acid blobs and an azure jelly.

Vanquished Creatures
  Mara (Depths:3)
  3 juggernauts
  An ancient lich (Vaults:5)
  Bai Suzhen (Elf:3)
  Vashnia (Snake:2)
  Frederick (Depths:4)
  A caustic shrike (Depths:4)
  2 golden dragons
  Geryon (Hell)
  Nikola (Depths:1)
  An Ice Fiend (IceCv)
  11 tentacled monstrosities
  Jorgrun (Shoals:2)
  7 titans
  3 deep elf blademasters
  2 deep elf master archers (Elf:3)
  8 liches
  2 krakens
  3 quicksilver dragons
  2 ancient champions
  14 sphinxes
  Polyphemus (Shoals:2)
  Agnes (Snake:2)
  11 acid blobs
  7 shadow dragons
  Roxanne (D:14)
  Kirke (Snake:1)
  11 tengu reavers
  Ilsuiw (Shoals:2)
  5 storm dragons
  8 nagarajas
  10 azure jellies
  18 frost giants
  14 fire giants
  5 deep elf sorcerers
  An orc warlord (D:10)
  Louise (D:14)
  Aizul (Elf:1)
  14 vault wardens
  4 iron dragons
  10 ironheart preservers
  A caustic shrike zombie (Crypt:1)
  3 spriggan defenders
  6 deep elf elementalists
  A draconian shifter (Depths:5)
  2 large abominations
  A balrug (Hell)
  3 entropy weavers
  16 very ugly things
  18 stone giants
  A draconian stormcaller (Depths:5)
  8 deep elf demonologists
  5 vampire knights
  A green draconian (Depths:5)
  3 black draconians (Depths:5)
  A lorocyproca (Hell)
  10 deep elf annihilators
  A purple draconian (Depths:5)
  A white draconian (Depths:5)
  A minotaur (Gauntlet)
  5 merfolk javelineers
  10 spark wasps
  15 deep elf death magi
  20 ettins
  Snorg (Lair:4)
  10 death oozes
  A blizzard demon (Hell)
  11 yaktaur captains
  A green death (Hell)
  14 fire dragons
  3 jiangshi (Crypt:1)
  17 ogre magi
  15 hydras
  13 merfolk impalers
  5 deep elf high priests
  3 rakshasas
  15 great orbs of eyes
  14 ice dragons
  20 naga warriors
  A catoblepas (shapeshifter) (Vaults:5)
  A hell beast (Depths:2)
  26 vault guards
  5 spriggan air magi
  5 anacondas
  5 death knights
  4 catoblepae
  48 two-headed ogres
  The ghost of Qoish the Destroyer, a journeyman GrCj of Vehumet (Lair:2)
  A merfolk avatar (Shoals:4)
  6 centaur warriors
  Erica (D:9)
  4 merfolk aquamancers
  A queen ant (Lair:6)
  An alligator snapping turtle (Shoals:3)
  30 dancing weapons
  8 deep troll shamans
  8 tengu warriors
  2 satyrs (Shoals:3)
  5 hell hogs (Hell)
  7 deep troll earth magi
  A shock serpent (shapeshifter) (Vaults:4)
  3 vampire magi
  16 naga sharpshooters
  16 death yaks
  4 spriggan berserkers (Depths:4)
  5 soul eaters (Hell)
  5 shock serpents
  8 sun demons (Hell)
  2 shadow wraiths
  2 fire crabs (shapeshifter)
  23 deep elf knights
  A fire crab (Gauntlet)
  3 iron golems (Hell)
  A salamander mystic (Snake:4)
  3 iron trolls
  3 unseen horrors
  19 sea snakes
  6 hell knights
  2 anaconda zombies (Hell)
  10 skeletal warriors
  3 glowing orange brains (Depths:4)
  12 deep elf archers
  3 flayed ghosts
  20 deep trolls
  12 phantasmal warriors
  2 naga ritualists
  9 wizards
  7 necromancers
  42 ugly things
  A wolf spider (shapeshifter) (Vaults:5)
  13 ironbrand convokers
  2 anaconda skeletons (Hell)
  19 harpies
  10 orc knights
  8 mana vipers
  6 salamanders
  6 wolf spiders
  24 manticores
  5 fauns (Shoals:3)
  A faun (shapeshifter) (Vaults:5)
  3 orc sorcerers
  A shining eye (shapeshifter) (Depths:5)
  7 shining eyes
  6 elephants
  60 deep elf magi
  A moth of wrath (shapeshifter) (Vaults:5)
  5 cyclopes
  A cyclops (shapeshifter) (Depths:4)
  6 rust devils
  30 black mambas
  3 orange demons (Hell)
  6 merfolk sirens
  16 vault sentinels
  2 eyes of devastation (Slime:3)
  2 ice statues (IceCv)
  6 water nymphs
  25 naga magi
  4 guardian serpents
  A black mamba (shapeshifter) (Vaults:3)
  An eye of devastation (shapeshifter) (Depths:2)
  9 spiny frogs
  2 smoke demons (Hell)
  A molten gargoyle (Hell)
  A gargoyle (D:14)
  26 freezing wraiths
  2 hellions (Hell)
  3 anaconda simulacra (IceCv)
  4 komodo dragons
  2 spiny frogs (shapeshifter)
  An efreet (D:12)
  10 ice devils (IceCv)
  2 yaktaurs (shapeshifter)
  3 rime drakes
  2 komodo dragons (shapeshifter)
  A centaur skeleton (D:12)
  36 yaktaurs
  A swamp worm zombie (Crypt:1)
  10 tengu conjurers
  A rime drake (shapeshifter) (D:14)
  2 guardian mummies (Depths:2)
  A death yak skeleton (Crypt:1)
  3 hydra zombies (Hell)
  40 merfolk
  A red devil (Hell)
  2 meliai (shapeshifter)
  4 wind drakes
  7 trolls
  2 polar bears
  Prince Ribbit (D:6)
  A queen bee (shapeshifter) (Vaults:2)
  A wind drake (shapeshifter) (D:14)
  5 hornets
  9 blink frogs
  A raiju (Gauntlet)
  6 snapping turtles
  12 hippogriffs
  A wolf spider simulacrum (D:15)
  101 slime creatures
  11 dream sheep
  A frost giant simulacrum (Vaults:3)
  A hippogriff (shapeshifter) (Vaults:1)
  3 redbacks (Vaults:3)
  A centaur simulacrum (D:14)
  A spriggan (shapeshifter) (D:12)
  62 yaks
  2 dire elephant simulacra (IceCv)
  2 alligator skeletons (Hell)
  4 spriggans
  9 fire elementals
  2 fire bats (Gauntlet)
  17 water elementals
  2 hogs (Snake:1)
  2 wyverns
  5 wraiths
  4 basilisks
  13 golden eyes
  A human (shapeshifter) (Vaults:1)
  A steam dragon (Gauntlet)
  46 nagas
  12 vampire mosquitoes
  2 iron troll simulacra (IceCv)
  A torturous demonspawn zombie (Crypt:1)
  8 wargs
  13 water moccasins
  2 acid dragons
  18 soldier ants (Lair:6)
  A hydra simulacrum (IceCv)
  Duvessa (D:4)
  5 porcupines
  9 hell hounds
  2 floating eyes
  A sky beast (D:8)
  A meliai simulacrum (D:12)
  38 orc warriors
  3 black bears
  A dream sheep zombie (Crypt:1)
  5 eyes of draining
  6 phantoms
  2 ettin simulacra (IceCv)
  6 ice beasts
  A tengu (shapeshifter) (Vaults:3)
  48 ogres
  A crocodile (shapeshifter) (Vaults:1)
  5 wolves
  13 centaurs
  6 boggarts
  14 crocodiles
  A human zombie (Vaults:3)
  2 big kobolds
  An elf zombie (D:8)
  An elf skeleton (D:8)
  An earth elemental (Elf:2)
  A tengu simulacrum (Depths:2)
  13 bullfrogs
  Dowan (D:4)
  A water moccasin zombie (D:8)
  5 scorpions
  A wyvern skeleton (D:10)
  11 killer bees
  7 wights
  4 electric eels
  A howler monkey (D:5)
  5 centaur zombies
  6 crimson imps
  A bullfrog zombie (D:5)
  A quasit (D:11)
  10 orc priests
  Crazy Yiuf (D:7)
  3 hounds
  7 jellies
  A bullfrog skeleton (D:12)
  2 iron imps
  16 orc wizards
  3 human skeletons
  3 iguanas
  An iguana (shapeshifter) (Vaults:4)
  21 worker ants
  7 hell rats (Hell)
  A hound zombie (D:10)
  Robin (D:2)
  4 worker ant zombies
  9 gnolls
  12 adders
  4 shadow imps
  An ooze (D:1)
  4 adder skeletons (D:6)
  An adder zombie (Ossuary)
  2 worms
  A worm (shapeshifter) (D:9)
  3 dart slugs
  4 leopard geckos
  117 orcs
  2 bats
  4 bat skeletons (D:4)
  3 bat zombies (D:4)
  11 giant cockroaches
  14 goblins
  7 hobgoblins
  A hobgoblin (shapeshifter) (Depths:4)
  10 jackals
  10 kobolds
  A quokka (D:9)
  A ball python (D:3)
  2 ball python skeletons (Ossuary)
  A frilled lizard (D:1)
  A hobgoblin skeleton (Ossuary)
  3 hobgoblin zombies
  A jackal skeleton (D:4)
  2 kobold zombies (Ossuary)
  A leopard gecko skeleton (D:4)
  3 orc skeletons
  6 rats
  3 crawling corpses
  5 fungi
  11 plants
  2 tentacles
2302 creatures vanquished.

Vanquished Creatures (collateral kills)
  An orc wizard (Orc:1)
  4 orcs (Orc:1)
5 creatures vanquished.

Vanquished Creatures (others)
  3 tengu reavers
  3 stone giants
  2 deep elf annihilators (Vaults:5)
  4 yaktaur captains
  A naga warrior (Snake:3)
  A centaur warrior (Depths:4)
  An ogre mage (Vaults:2)
  A tengu warrior (Depths:4)
  A deep elf knight (Elf:2)
  A deep elf archer (Vaults:3)
  2 naga ritualists (Snake:4)
  A harpy (Shoals:2)
  2 fauns (Shoals:3)
  A manticore (Shoals:2)
  8 yaktaurs
  A hornet (shapeshifter) (D:12)
  2 humans (Snake:1)
  A fire elemental (Hell)
  2 orc warriors
  3 centaurs
  A boggart (Depths:2)
  An orc priest (Orc:1)
  An orc wizard (D:3)
  A shadow imp (D:14)
  38 bushes (Depths:2)
  8 fungi
  23 plants
  13 tentacles
127 creatures vanquished.

Grand Total: 2434 creatures vanquished

Notes
Turn   | Place    | Note
-------+----------+-------------------------------------------
     0 | D:1      | Vanger27 the Gargoyle Fighter began the quest for the Orb.
     0 | D:1      | Reached XP level 1. HP: 14/14 MP: 1/1
    67 | D:1      | Reached XP level 2. HP: 14/19 MP: 2/2
   244 | D:1      | Reached XP level 3. HP: 22/23 MP: 3/3
   822 | D:2      | Reached XP level 4. HP: 27/28 MP: 4/4
   874 | D:2      | Found a burning altar of Makhleb.
   960 | D:2      | Noticed Robin
   976 | D:2      | Killed Robin
   995 | D:2      | Found a sacrificial altar of Ru.
  1011 | D:2      | Found an opulent altar of Gozag.
  1436 | D:3      | Reached XP level 5. HP: 16/32 MP: 5/5
  1715 | D:3      | Reached skill level 1 in Dodging
  2535 | D:3      | Reached XP level 6. HP: 37/37 MP: 6/6
  2967 | D:4      | Noticed Duvessa
  2970 | D:4      | Noticed Dowan
  2978 | D:4      | Killed Duvessa
  2978 | D:4      | Reached skill level 1 in Axes
  2978 | D:4      | Reached skill level 5 in Shields
  2985 | D:4      | Killed Dowan
  2985 | D:4      | Reached XP level 7. HP: 25/41 MP: 7/7
  3199 | D:4      | Reached skill level 5 in Armour
  3260 | D:4      | Found an ancient bone altar of Kikubaaqudgha.
  3339 | D:4      | Found an opulent altar of Gozag.
  3507 | D:5      | Entered Level 5 of the Dungeon
  3834 | D:5      | Reached XP level 8. HP: 46/46 MP: 8/8
  3965 | D:5      | Found a staircase to the Ecumenical Temple.
  3972 | Temple   | Entered the Ecumenical Temple
  3989 | Temple   | Became a worshipper of Warmaster Okawaru
  4639 | D:6      | Reached skill level 5 in Axes
  4921 | D:6      | Reached * piety under Okawaru
  5062 | D:6      | Noticed Prince Ribbit
  5066 | D:6      | Identified a scroll of acquirement
  5087 | D:6      | Killed Prince Ribbit
  5292 | D:6      | Found a runed translucent gate.
  5292 | D:6      | Identified the +9 quarterstaff of the Endless March {crush,
                  | rElec rC++ Dex+4 SInv}
  5292 | D:6      | Identified the cursed +0 plate armour of the Tired Orbs
                  | {*Contam rPois rC+++ Str+3}
  5292 | D:6      | Noticed dragonscale333's ghost (novice MiFi)
  5293 | D:6      | Found a runed translucent gate.
  5294 | D:6      | Found a runed translucent gate.
  5364 | D:6      | Reached XP level 9. HP: 31/51 MP: 9/9
  5592 | D:6      | Found a roughly hewn altar of Beogh.
  5664 | D:7      | Found a stormy altar of Qazlal.
  5787 | D:7      | Got an ancient ring mail
  5849 | D:7      | Reached ** piety under Okawaru
  5916 | D:7      | Found a sacrificial altar of Ru.
  6148 | D:7      | Found a runed translucent door.
  6149 | D:7      | Noticed Crazy Yiuf
  6163 | D:7      | Killed Crazy Yiuf
  6244 | D:8      | Noticed a two-headed ogre
  6270 | D:8      | Killed a two-headed ogre
  6594 | D:8      | Found a sand-covered staircase.
  6606 | Ossuary  | Entered an ossuary
  6769 | Ossuary  | Reached XP level 10. HP: 55/56 MP: 10/10
  6816 | Ossuary  | Reached *** piety under Okawaru
  6927 | Ossuary  | Identified the +5 ring mail of Sofror {rCorr} (You found it
                  | on level 7 of the Dungeon)
  7049 | D:8      | Killed an unseen horror
  7068 | D:8      | Noticed a two-headed ogre
  7104 | D:8      | Killed a two-headed ogre
  7197 | D:8      | Reached **** piety under Okawaru
  7686 | D:9      | Noticed Erica
  7702 | D:9      | Killed Erica
  7841 | D:9      | Found a sparkling altar of Nemelex Xobeh.
  7925 | D:9      | Noticed a death yak
  7929 | D:9      | Noticed a death yak
  7971 | D:9      | Killed a death yak
  7971 | D:9      | Reached skill level 10 in Axes
  7971 | D:9      | Reached XP level 11. HP: 37/60 MP: 11/11
  7977 | D:9      | Reached skill level 1 in Invocations
  8121 | D:9      | Noticed a death yak
  8156 | D:9      | Killed a death yak
  8173 | D:9      | Killed a death yak
  8173 | D:9      | Reached ***** piety under Okawaru
  8287 | D:9      | Found a staircase to the Lair.
  8703 | D:9      | Found a roughly hewn altar of Beogh.
  8862 | Lair:1   | Entered Level 1 of the Lair of Beasts
  8897 | Lair:1   | Reached skill level 10 in Shields
  8914 | Lair:1   | Received a gift from Okawaru
  8985 | Lair:1   | Noticed an eight-headed hydra
  9041 | Lair:1   | Noticed an eight-headed hydra
  9449 | D:9      | Killed an eight-headed hydra
  9819 | D:10     | Entered Level 10 of the Dungeon
  9825 | D:10     | Reached skill level 5 in Dodging
  9949 | D:10     | Found a staircase to the Orcish Mines.
  9949 | D:10     | Found Napnais's Weapon Emporium.
 10683 | Orc:1    | Entered Level 1 of the Orcish Mines
 11072 | D:10     | Reached XP level 12. HP: 36/64 MP: 13/13
 11326 | Orc:2    | Entered Level 2 of the Orcish Mines
 11842 | Orc:2    | Found a staircase to the Elven Halls.
 12063 | Orc:1    | Reached skill level 5 in Polearms
 12378 | Orc:2    | Found a roughly hewn altar of Beogh.
 12385 | Orc:2    | Noticed an orc warlord
 13192 | D:9      | Killed an eight-headed hydra
 14187 | Lair:2   | Found a runed translucent door.
 14188 | Lair:2   | Noticed a spriggan rider
 14188 | Lair:2   | Identified the cursed +1 trident of the Pit {drain, rN+
                  | Dex+2}
 14188 | Lair:2   | Noticed a spriggan rider
 14189 | Lair:2   | Noticed Qoish's ghost (journeyman GrCj)
 14861 | Lair:1   | HP: 3/64 [spiny frog (11)]
 15166 | Lair:3   | Noticed a seven-headed hydra
 15595 | D:11     | Noticed a two-headed ogre
 15613 | D:11     | Killed a two-headed ogre
 16792 | D:12     | Reached XP level 13. HP: 68/68 MP: 14/14
 16865 | D:12     | Received a gift from Okawaru
 16954 | D:12     | Reached ****** piety under Okawaru
 17505 | D:12     | Noticed a storm dragon
 17874 | D:10     | Killed an orc warlord
 18103 | Orc:2    | Noticed an ogre mage
 18130 | Orc:2    | Paralysed by an ogre mage for 4 turns
 18142 | Orc:1    | Killed an ogre mage
 18143 | Orc:1    | Received a gift from Okawaru
 18801 | Orc:1    | Received a gift from Okawaru
 18801 | Orc:1    | Gained mutation: Your large and strong wings let you fly
                  | indefinitely. [Gargoyle growth]
 18801 | Orc:1    | Reached XP level 14. HP: 40/74 MP: 15/15
 19338 | Orc:2    | Found Jeiqix's Gadget Emporium.
 19338 | Orc:2    | Found Zaul's Antique Weapon Shop.
 19339 | Orc:2    | Found Otsuab's Jewellery Shop.
 19339 | Orc:2    | Found Piame's Food Shoppe.
 19364 | Orc:2    | Bought a +5 ring of protection for 770 gold pieces
 19364 | Orc:2    | Bought an uncursed ring of protection from magic for 350
                  | gold pieces
 19467 | Elf:1    | Entered Level 1 of the Elven Halls
 19873 | Elf:1    | Reached skill level 15 in Axes
 20166 | Elf:1    | Received a gift from Okawaru
 21236 | D:12     | Noticed a tengu reaver
 21636 | Lair:2   | Reached skill level 15 in Shields
 21759 | Lair:3   | Received a gift from Okawaru
 22273 | Lair:3   | Found an ornate altar of the Wu Jian Council.
 22534 | Lair:3   | Reached skill level 5 in Fighting
 22644 | Lair:3   | Found a staircase to the Snake Pit.
 22989 | Lair:4   | Found a gate leading to a gauntlet.
 22993 | Gauntlet | Entered a Gauntlet
 22993 | Gauntlet | Found a transporter.
 22993 | Gauntlet | Found a transporter.
 23004 | Gauntlet | Found a transporter.
 23018 | Gauntlet | Found a transporter.
 23037 | Gauntlet | Found a transporter.
 23046 | Gauntlet | Found a transporter.
 23062 | Gauntlet | Found a transporter.
 23141 | Gauntlet | Found a transporter.
 23155 | Gauntlet | Found a transporter.
 23173 | Gauntlet | Found a transporter.
 23188 | Gauntlet | Found a transporter.
 23210 | Gauntlet | Noticed an entropy weaver
 23213 | Gauntlet | Found a transporter.
 23392 | Gauntlet | Found a transporter.
 23392 | Gauntlet | Found a transporter.
 23402 | Gauntlet | Found a transporter.
 23403 | Gauntlet | Found a transporter.
 23733 | Gauntlet | Reached XP level 15. HP: 82/84 MP: 16/16
 23753 | Gauntlet | Got a heavily runed pewter ring
 23766 | Gauntlet | Identified the ring of the Enemy {MR+ Str+3} (You found it
                  | in a Gauntlet)
 23907 | Lair:4   | Gained mutation: You are partially covered in thin metallic
                  | scales. (AC +2) [potion of mutation]
 23907 | Lair:4   | Gained mutation: You have an increased reservoir of magic.
                  | (+10% MP) [potion of mutation]
 23965 | Lair:4   | Reached skill level 10 in Armour
 24116 | Lair:4   | Noticed Snorg
 24128 | Lair:4   | Killed Snorg
 24130 | Lair:4   | You fall into a shaft and drop 2 floors!
 24130 | Lair:6   | Entered Level 6 of the Lair of Beasts
 24558 | Lair:6   | Received a gift from Okawaru
 24567 | Lair:6   | Reached skill level 1 in Evocations
 24908 | Lair:6   | Identified a +0 pair of boots of running (Okawaru gifted it
                  | to you on level 6 of the Lair of Beasts)
 25137 | Lair:6   | Reached skill level 10 in Fighting
 25402 | Lair:6   | Reached skill level 1 in Stealth
 26121 | Lair:5   | Found a staircase to the Slime Pits.
 27045 | Lair:4   | Found a staircase to the Shoals.
 27060 | Lair:4   | Reached XP level 16. HP: 100/100 MP: 19/19
 27144 | Snake:1  | Entered Level 1 of the Snake Pit
 27205 | Snake:1  | Found Paxtour's Antique Weapon Boutique.
 27397 | Snake:1  | Received a gift from Okawaru
 27542 | Snake:1  | Noticed Kirke
 27587 | Snake:1  | Killed Kirke
 27612 | Snake:1  | Found Ucux's Jewellery Emporium.
 28511 | Snake:2  | Noticed Vashnia
 28739 | Snake:2  | Received a gift from Okawaru
 28946 | Snake:2  | Killed Vashnia
 28946 | Snake:2  | Reached skill level 10 in Dodging
 29225 | Snake:2  | Noticed a nagaraja
 29247 | Snake:2  | Killed a nagaraja
 29284 | Snake:2  | Noticed Saint Roka
 29457 | Snake:2  | Noticed a nagaraja
 29501 | Snake:2  | Killed a nagaraja
 29724 | Snake:2  | Noticed Agnes
 29974 | Snake:2  | Received a gift from Okawaru
 30169 | Snake:2  | Killed Agnes
 30628 | Snake:3  | Reached XP level 17. HP: 88/111 MP: 21/21
 30830 | Snake:3  | Got a slimy demon whip
 31073 | Snake:3  | Identified the +5 demon whip "Rikkususk" {flame, rPois}
                  | (You found it on level 3 of the Snake Pit)
 31370 | Snake:4  | Entered Level 4 of the Snake Pit
 31382 | Snake:4  | Reached skill level 15 in Fighting
 31444 | Snake:4  | Found Osie's Magic Scroll Shoppe.
 31468 | Snake:4  | Received a gift from Okawaru
 31474 | Snake:4  | Bought a scroll of fear for 45 gold pieces
 31474 | Snake:4  | Bought a scroll of torment for 97 gold pieces
 31828 | Snake:4  | Received a gift from Okawaru
 32307 | Snake:4  | Found Plog's Magic Scroll Shoppe.
 32317 | Snake:4  | Bought a scroll of fear for 56 gold pieces
 32317 | Snake:4  | Bought a scroll of blinking for 120 gold pieces
 32317 | Snake:4  | Bought a scroll of blinking for 120 gold pieces
 32732 | Snake:4  | Found Pityiw's Gadget Shop.
 32732 | Snake:4  | Found Ysku's Jewellery Shoppe.
 32733 | Snake:4  | Found Boonab's Jewellery Shoppe.
 33014 | Snake:4  | Received a gift from Okawaru
 33058 | Snake:4  | Reached skill level 5 in Invocations
 33058 | Snake:4  | Reached XP level 18. HP: 77/122 MP: 18/23
 33072 | Snake:4  | Got a warped hand axe {god gift}
 33082 | Snake:4  | Identified the +3 hand axe of the Blessed Realm {venom,
                  | rElec rN+ Int+4} (Okawaru gifted it to you on level 4 of
                  | the Snake Pit)
 33388 | Snake:4  | Received a gift from Okawaru
 33465 | Snake:4  | Got a serpentine rune of Zot
 33470 | Snake:4  | Got a shimmering quarterstaff
 33920 | Lair:2   | Got an encrusted chain mail
 33931 | Lair:2   | Identified the +8 chain mail of the Other Side {MP+9} (You
                  | found it on level 2 of the Lair of Beasts)
 33982 | Lair:2   | Killed Qoish's ghost
 35024 | Elf:1    | Noticed Aizul
 35057 | Elf:1    | Killed Aizul
 35286 | Elf:1    | Identified the Incunabulum of the Escort
 36070 | Elf:1    | Reached skill level 5 in Stealth
 36470 | Elf:2    | Found Biopp's Jewellery Shop.
 36795 | Elf:2    | Found a runed translucent gate.
 36795 | Elf:2    | Found a runed translucent gate.
 36795 | Elf:2    | Found a runed translucent gate.
 36945 | Elf:2    | Noticed a deep elf blademaster
 36982 | Elf:2    | Killed a deep elf blademaster
 37515 | Elf:2    | Received a gift from Okawaru
 37670 | Elf:3    | Entered Level 3 of the Elven Halls
 37712 | Elf:3    | Reached XP level 19. HP: 115/132 MP: 25/25
 37968 | Elf:3    | Found Bypliff's Antique Weapon Shop.
 38189 | Elf:3    | Noticed a Hell Sentinel
 38481 | Elf:3    | Noticed a Tzitzimitl
 39175 | Elf:2    | Received a gift from Okawaru
 39204 | Elf:3    | Noticed Bai Suzhen
 39531 | Elf:3    | Upgraded the game from 0.24.0-125-gc4c63601f3 to 0.24.1
 39822 | Elf:3    | Killed Bai Suzhen
 40114 | Elf:3    | Reached skill level 1 in Short Blades
 40333 | Elf:3    | Identified the +5 ring mail of the Eternal Void {rF++ MR+}
 40333 | Elf:3    | Identified the cursed +1 rapier of Zyibannoot {elec, rF+
                  | rC+}
 40390 | Elf:3    | Identified the cursed +0 chain mail of the Eight Boll
                  | Weevils {rF+ MR+ Dex+4}
 40483 | Elf:3    | Got a scorched dire flail
 40534 | Elf:3    | Identified Sif Muna's Tome of the Lethal Traveller
 41533 | D:12     | Received a gift from Okawaru
 41770 | D:12     | Found the +8 glaive of the Guard {elec, +Rage AC+5 SInv}
 42114 | D:13     | Found Tiasurch's Assorted Antiques.
 42136 | D:13     | Reached XP level 20. HP: 140/140 MP: 26/26
 42320 | D:13     | Found Neuptuck's Armour Emporium.
 42328 | D:13     | Bought a +2 large shield of reflection for 277 gold pieces
 42365 | D:13     | Found Losejasi's Assorted Antiques.
 42404 | D:13     | Found Abageusi's General Store.
 42577 | D:13     | Found a bloodstained altar of Trog.
 42649 | D:13     | Bought the +0 pair of fencer's gloves {Riposte Dex+3} for
                  | 1520 gold pieces
 42649 | D:13     | Found the +0 pair of fencer's gloves {Riposte Dex+3}
 42756 | D:14     | Found a gate to the Vaults.
 42827 | D:14     | Reached skill level 5 in Short Blades
 43032 | D:14     | Noticed Louise
 43057 | D:14     | Killed Louise
 43180 | D:14     | Identified Roxanne's Incunabulum of Clay
 43180 | D:14     | Noticed Roxanne
 43223 | D:14     | Killed Roxanne
 43461 | Vaults:1 | Entered Level 1 of the Vaults
 43689 | Vaults:1 | Received a gift from Okawaru
 44271 | Vaults:1 | Received a gift from Okawaru
 46243 | Vaults:2 | Found a staircase to the Crypt.
 46273 | Vaults:2 | Received a gift from Okawaru
 46311 | Vaults:2 | Got a pair of scorched boots {god gift}
 46322 | Vaults:2 | Identified the +1 pair of boots of Complete Protection
                  | {rPois rF+ Int-4 Dex+6} (Okawaru gifted it to you on level
                  | 2 of the Vaults)
 46721 | Vaults:2 | Reached XP level 21. HP: 148/148 MP: 28/28
 47594 | Vaults:3 | Got a translucent granite ring
 47600 | Vaults:3 | Identified the ring "Borhuato" {*Tele rN+ Str+3 Int-4} (You
                  | found it on level 3 of the Vaults)
 47770 | Vaults:3 | Found an ancient bone altar of Kikubaaqudgha.
 47846 | Vaults:3 | Got a slimy flail
 47847 | Vaults:3 | Identified the +9 flail "Widowermaker" {vamp, Fragile +Inv
                  | rN+} (You found it on level 3 of the Vaults)
 47963 | Vaults:3 | Reached skill level 1 in Maces & Flails
 48098 | Vaults:3 | Received a gift from Okawaru
 48107 | Vaults:3 | Got a polished spear {god gift}
 48462 | Vaults:3 | Identified the +9 spear of Asouraerr {freeze, Str+7 Dex+3}
                  | (Okawaru gifted it to you on level 3 of the Vaults)
 48621 | Vaults:3 | Got a blackened great sword
 49111 | Vaults:4 | Received a gift from Okawaru
 49339 | Vaults:4 | Reached skill level 5 in Maces & Flails
 49729 | Vaults:4 | Reached XP level 22. HP: 155/155 MP: 29/29
 50231 | Vaults:5 | Entered Level 5 of the Vaults
 50460 | Vaults:4 | Received a gift from Okawaru
 50518 | Vaults:4 | Got a pitted flail {god gift}
 50622 | Vaults:5 | Identified the +3 flail "Raegoiru" {vamp, *Rage +Rage Str+6
                  | Int+2} (Okawaru gifted it to you on level 4 of the Vaults)
 50659 | Vaults:5 | Identified the +5 great mace "Tiwenlel" {holy, *Drain Str+9
                  | SInv}
 50753 | Vaults:5 | Noticed an ancient lich
 50879 | Vaults:5 | Killed an ancient lich
 50879 | Vaults:5 | Received a gift from Okawaru
 50945 | Vaults:5 | Got a warped plate armour
 50948 | Vaults:5 | Got a jewelled chain mail
 50959 | Vaults:5 | Identified the cursed +0 plate armour "Cetreaj" {Int+3}
                  | (You found it on level 5 of the Vaults)
 50971 | Vaults:5 | Identified the +2 chain mail of Ennui {rF+ Int+4} (You
                  | found it on level 5 of the Vaults)
 51319 | Vaults:5 | Noticed a golden dragon
 51369 | Vaults:5 | Killed a golden dragon
 51537 | Vaults:5 | Got a transparent pewter ring
 51539 | Vaults:5 | Identified the ring of the Castellan {rPois rF+ rC+ SInv}
                  | (You found it on level 5 of the Vaults)
 51711 | Vaults:5 | Reached XP level 23. HP: 162/162 MP: 30/30
 51741 | Vaults:5 | Identified the +7 rapier "Ugha" {drain, rC+++ MP+9}
 51755 | Vaults:5 | Identified the +7 great sword "Kemix" {freeze, Dex+2} (You
                  | found it on level 3 of the Vaults)
 51837 | Vaults:5 | Identified the +7 halberd of Foasupp {venom, +Blink Int+2}
 51876 | Vaults:5 | Identified the ring "Wenyoles" {rC+ Dex+3 Slay+2 SInv}
 51923 | Vaults:5 | Identified the +2 leather armour of Rationality {Int+6}
 52339 | Vaults:4 | HP: 8/164 [acid (15)]
 52567 | Vaults:4 | Received a gift from Okawaru
 52821 | Vaults:5 | Got a heavily runed chain mail
 52827 | Vaults:5 | Got a smoking ring mail
 52840 | Vaults:5 | Identified the +4 ring mail "Dyjolefi" {-Cast rN+ rCorr}
                  | (You found it on level 5 of the Vaults)
 52851 | Vaults:5 | Identified the cursed +0 chain mail "Tasoydgh" {+Fly rElec}
                  | (You found it on level 5 of the Vaults)
 52881 | Vaults:5 | Got a silver rune of Zot
 53108 | Vaults:5 | Identified the Guide on Clay and Lightness
 53440 | Vaults:5 | Got a steaming leather armour
 53448 | Vaults:5 | Got a shimmering dagger
 53466 | Vaults:5 | Identified the cursed +0 leather armour of Pahon {rCorr
                  | Str+4 Dex+6} (You found it on level 5 of the Vaults)
 53498 | Vaults:5 | Identified the +8 dagger "Vanger27's Peril" {drain, rElec
                  | rPois rF-} (You found it on level 5 of the Vaults)
 53644 | Crypt:1  | Entered Level 1 of the Crypt
 54092 | Shoals:1 | Entered Level 1 of the Shoals
 54994 | Shoals:1 | Got a twisted ring mail
 55041 | Shoals:1 | Identified the +2 ring mail of the Guild-Master {+Blink
                  | Int-5 Dex+2 Stlth+} (You found it on level 1 of the Shoals)
 55056 | Shoals:1 | Got a translucent lapis lazuli ring
 55058 | Shoals:1 | Identified the cursed ring "Quaklacka" {rPois AC-2 Dex+2
                  | Slay+5} (You found it on level 1 of the Shoals)
 55722 | Shoals:2 | Noticed Jorgrun
 55764 | Shoals:2 | Noticed Polyphemus
 55803 | Shoals:2 | Killed Polyphemus
 55814 | Shoals:2 | Noticed Ilsuiw
 55870 | Shoals:2 | Killed Ilsuiw
 56101 | Shoals:2 | Killed Jorgrun
 56772 | Shoals:3 | Found a frozen archway.
 56778 | IceCv    | Entered an ice cave
 57089 | IceCv    | Got a polished plate armour
 57110 | IceCv    | Identified the +12 plate armour of the Game Afoot {Str+2
                  | Int+4} (You found it in an ice cave)
 57698 | Shoals:4 | Entered Level 4 of the Shoals
 57714 | Shoals:4 | Reached XP level 24. HP: 171/171 MP: 30/30
 57832 | Shoals:4 | Received a gift from Okawaru
 58068 | Shoals:4 | Got a barnacled rune of Zot
 58271 | Shoals:4 | Identified the +3 great mace "Gargoyle's Doom" {flame,
                  | +Fly}
 59327 | Crypt:1  | Noticed Sojobo
 59830 | D:15     | Entered Level 15 of the Dungeon
 60234 | D:15     | Found a staircase to the Depths.
 60981 | Depths:1 | Entered Level 1 of the Depths
 61050 | Depths:1 | Noticed Nikola
 61082 | Depths:1 | Killed Nikola
 61328 | Depths:1 | Found a gateway to Hell.
 62046 | Depths:2 | Received a gift from Okawaru
 62107 | Depths:2 | Found Axil's Weapon Shop.
 62227 | Depths:2 | Found a shimmering blue altar of Sif Muna.
 62231 | Depths:2 | Found a transporter.
 62383 | Depths:2 | Reached XP level 25. HP: 178/178 MP: 30/30
 62560 | Depths:2 | Received a gift from Okawaru
 62625 | Depths:2 | Got a crystal long sword
 62635 | Depths:2 | Identified the +9 long sword "Zirogg" {slice, rElec rC+ MR+
                  | Stlth-} (You found it on level 2 of the Depths)
 63049 | Depths:2 | Reached skill level 1 in Long Blades
 63105 | Depths:2 | Found a portal to a secret trove of treasure.
 63271 | Depths:2 | Identified Cauzxifue's Reference Book on Earth and Good
                  | Luck
 63317 | Depths:2 | Found a transporter.
 63327 | Depths:2 | Got a slimy marble ring
 63328 | Depths:2 | Identified the ring "Wemaosch" {rC+ Str+3} (You found it on
                  | level 2 of the Depths)
 63782 | Depths:3 | Found a radiant altar of Vehumet.
 63789 | Depths:3 | Received a gift from Okawaru
 63802 | Depths:3 | Got a translucent hat
 63813 | Depths:3 | Identified the cursed +0 hat of the Moon {rN++ SInv} (You
                  | found it on level 3 of the Depths)
 64235 | Depths:3 | Noticed a juggernaut
 64418 | Depths:2 | Killed a juggernaut
 64418 | Depths:2 | Reached skill level 5 in Long Blades
 64483 | Depths:3 | Noticed a juggernaut
 64637 | Depths:2 | Killed a juggernaut
 64637 | Depths:2 | Received a gift from Okawaru
 64672 | Depths:2 | Reached skill level 15 in Armour
 65186 | Depths:3 | Found a one-way gate leading to the halls of Pandemonium.
 65262 | Depths:3 | Got a bound copper amulet
 65264 | Depths:3 | Identified the amulet "Ajyngekh" {+Rage Str-2 Dex+5} (You
                  | acquired it on level 3 of the Depths)
 65336 | Depths:3 | Found Gusyniko's Antique Armour Shop.
 65339 | Depths:3 | Bought a polished cloak for 370 gold pieces
 65349 | Depths:3 | Identified the +2 cloak "Yfalifyo" {Str+3} (You bought it
                  | in a shop on level 3 of the Depths)
 65409 | Depths:3 | Got a faintly glowing ring mail
 65420 | Depths:3 | Identified the +8 ring mail of the Present {MR+ Int+7} (You
                  | found it on level 3 of the Depths)
 65550 | Depths:4 | Reached XP level 26. HP: 184/184 MP: 30/30
 65612 | Depths:4 | Noticed Mara
 65613 | Depths:4 | Noticed Vanger27's illusion
 65773 | Depths:4 | Noticed Vanger27's illusion
 65781 | Depths:3 | Noticed Vanger27's illusion
 65794 | Depths:3 | Killed Mara
 65874 | Depths:4 | Found a hazy altar of Hepliaklqana.
 65875 | Depths:4 | Found a glowing golden altar of the Shining One.
 65879 | Depths:4 | Found a one-way gate to the infinite horrors of the Abyss.
 65976 | Depths:4 | Received a gift from Okawaru
 66011 | Depths:4 | Got a twisted morningstar {god gift}
 66032 | Depths:4 | Identified the +9 morningstar of Earthquakes {drain,
                  | *Contam rElec Dex+4} (Okawaru gifted it to you on level 4
                  | of the Depths)
 66068 | Depths:4 | Gained mutation: You are weak. (Str -2) [mutagenic glow]
 66079 | Depths:4 | Noticed Frederick
 66113 | Depths:4 | Killed Frederick
 66198 | Depths:4 | Found a snail-covered altar of Cheibriados.
 66337 | Depths:4 | Found the ring of the Octopus King
 66374 | Depths:4 | Reached skill level 10 in Long Blades
 66381 | Depths:4 | Got a ring of the Octopus King
 66389 | Depths:4 | Identified a ring of the Octopus King {MP+9 AC+1 EV+1 Str+1
                  | Int+1 Dex+1} (You found it on level 4 of the Depths)
 66574 | Depths:4 | Received a gift from Okawaru
 66806 | Depths:4 | Got an ichor-stained chain mail
 66817 | Depths:4 | Identified the +1 chain mail of a treasure trove {Str+4
                  | Int-2 Slay+3} (You found it on level 4 of the Depths)
 66879 | Depths:4 | Received a gift from Okawaru
 66899 | Depths:4 | Got a pair of jewelled gloves {god gift}
 66910 | Depths:4 | Identified the +0 pair of gloves of Cang {-Tele Str+9 Int+4
                  | Dex-5} (Okawaru gifted it to you on level 4 of the Depths)
 66939 | Depths:4 | Noticed a juggernaut
 66965 | Depths:4 | Killed a juggernaut
 67216 | Depths:5 | Entered Level 5 of the Depths
 67349 | Depths:5 | Paralysed by a floating eye for 3 turns
 67358 | Depths:5 | Paralysed by a floating eye for 2 turns
 67598 | Depths:5 | Found Ciene's Book Boutique.
 67729 | Depths:5 | Reached XP level 27. HP: 179/192 MP: 31/31
 67768 | Depths:5 | Found a gateway to a ziggurat.
 68085 | Depths:5 | Found a gate to the Realm of Zot.
 68591 | Hell     | Entered the Vestibule of Hell
 68591 | Hell     | Noticed Geryon
 68707 | Hell     | Received a gift from Okawaru
 68836 | Hell     | Killed Geryon
 68902 | Hell     | Found a gateway to the decaying netherworld of Tartarus.
 69282 | Hell     | Found a gateway to the Iron City of Dis.
 69469 | Hell     | Found a gateway to the freezing wastes of Cocytus.
 69622 | Hell     | Found a gateway to the ashen valley of Gehenna.
 70118 | Slime:1  | Entered Level 1 of the Pits of Slime
 70120 | Slime:1  | Gained mutation: You tend to lose your temper in combat. [a
                  | shining eye]
 70122 | Slime:1  | Gained mutation: Scrolls take you a little longer to read.
                  | [a shining eye]
 70124 | Slime:1  | Received a gift from Okawaru
 70127 | Slime:1  | Gained mutation: Armour fits poorly on your strangely
                  | shaped body. [a shining eye]
 70138 | Lair:5   | Gained mutation: You are occasionally teleported next to
                  | monsters. [a shining eye]
 70140 | Lair:5   | Gained mutation: You are dopey. (Int -2) [a shining eye]
 70154 | Slime:1  | Gained mutation: Your body sometimes deteriorates upon
                  | taking damage. [a shining eye]
 70156 | Slime:1  | Gained mutation: You occasionally shout uncontrollably at
                  | your foes. [a shining eye]
 70165 | Slime:1  | Gained mutation: Your spells are a little easier to cast,
                  | but a little less powerful. [a shining eye]
 70302 | Lair:5   | Lost mutation: You are dopey. (Int -2) [potion of mutation]
 70302 | Lair:5   | Lost mutation: Armour fits poorly on your strangely shaped
                  | body. [potion of mutation]
 70302 | Lair:5   | Gained mutation: You have a pair of small antennae on your
                  | head. [potion of mutation]
 70302 | Lair:5   | Gained mutation: You are covered in fur. (AC +1) [potion of
                  | mutation]
 70302 | Lair:5   | Lost mutation: You are covered in fur. (AC +1) [potion of
                  | mutation]
 70302 | Lair:5   | Gained mutation: You passively map a small area around you.
                  | [potion of mutation]
 70303 | Lair:5   | Lost mutation: Your spells are a little easier to cast, but
                  | a little less powerful. [potion of mutation]
 70303 | Lair:5   | Lost mutation: Scrolls take you a little longer to read.
                  | [potion of mutation]
 70303 | Lair:5   | Gained mutation: You have sharp fingernails. [potion of
                  | mutation]
 70303 | Lair:5   | Gained mutation: Your flesh is cold resistant. (rC+)
                  | [potion of mutation]
 70303 | Lair:5   | Gained mutation: You evolve. [potion of mutation]
 70304 | Lair:5   | Lost mutation: You have a pair of small antennae on your
                  | head. [potion of mutation]
 70304 | Lair:5   | Lost mutation: You occasionally shout uncontrollably at
                  | your foes. [potion of mutation]
 70304 | Lair:5   | Lost mutation: Your body sometimes deteriorates upon taking
                  | damage. [potion of mutation]
 70304 | Lair:5   | Lost mutation: You are weak. (Str -2) [potion of mutation]
 70304 | Lair:5   | Gained mutation: You are dopey. (Int -2) [potion of
                  | mutation]
 70304 | Lair:5   | Gained mutation: Your flesh is heat resistant. (rF+)
                  | [potion of mutation]
 71314 | Slime:3  | Gained mutation: Your body sometimes deteriorates upon
                  | taking damage. [a shining eye]
 71800 | Slime:4  | Gained mutation: Scrolls take you a little longer to read.
                  | [a shining eye]
 72227 | Slime:5  | Entered Level 5 of the Pits of Slime
 72256 | Slime:5  | Gained mutation: Armour fits poorly on your strangely
                  | shaped body. [a shining eye]
 72258 | Slime:5  | Gained mutation: You are frail. (-10% HP) [a shining eye]
 72261 | Slime:5  | Lost mutation: Armour fits poorly on your strangely shaped
                  | body. [a shining eye]
 72270 | Slime:4  | Received a gift from Okawaru
 72411 | Slime:5  | Gained mutation: You are clumsy. (Dex -2) [a shining eye]
 72413 | Slime:5  | Gained mutation: You occasionally shout uncontrollably at
                  | your foes. [a shining eye]
 72415 | Slime:5  | Gained mutation: You often lose your temper in combat. [a
                  | shining eye]
 72417 | Slime:5  | Lost mutation: You have an increased reservoir of magic.
                  | (+10% MP) [a shining eye]
 72419 | Slime:5  | Gained mutation: Potions are less effective at restoring
                  | your health. [a shining eye]
 72450 | Slime:5  | Noticed the Royal Jelly
 72666 | Slime:4  | Gained mutation: You are very frail. (-20% HP) [a shining
                  | eye]
 72893 | Slime:5  | Found a viscous altar of Jiyva.
 72953 | Slime:4  | HP: 6/155 [acid[the Royal Jelly] (7)]
 72956 | Slime:4  | Splashed by an acid blob's acid

Levels and vault maps discovered:
D:1:      onia_arrival_pentagram, layout_rooms, solitary_fountain,
          minmay_pentomino_w2
D:2:      layout_basic, lemuel_doored_altar, gammafunk_temple_overflow_statue,
          serial_bayou_pond_e, uniq_robin
D:3:      layout_basic, first_ration
D:4:      minmay_spotlight, layout_basic, kennysheep_vampire_church,
          nicolae_gozag_cash_rules_everything_around_me, uniq_duvessa
D:5:      layout_basic, minmay_temple_entry_butterflies, dk_noncrumbling_4
D:6:      layout_cave_pods, biasface_ghost_orc_armoury, uniq_prince_ribbit1
D:7:      layout_rooms, grunt_qazlal_clouds, nicolae_ru_sacrificial_ziggurat,
          uniq_crazy_yiuf_cottage
D:8:      layout_loops_ring, nicolae_ossuary_entry_catacombs
D:9:      layout_roguey [special_room_orc], nemelex_xobeh_ov_fountains_minmay,
          dpeg_lair_monsters, uniq_erica
D:10:     layout_gridville, orc_david_3, blue_anna_alchemist
          [blue_anna_fruit_fields, blue_anna_fruit_fields]
D:11:     layout_loops_ring
D:12:     minmay_guarded_unrand_guard, layout_layer_cave, minivault_25_ag,
          minivault_28
D:13:     layout_roguey, special_room [special_room_orc], serial_shops,
          nicolae_shop_overgrown_old_shop, shop,
          nicolae_shop_overgrown_old_shop, shop, lemuel_statue_altar
D:14:     layout_small_grid, david_vaults_2, minmay_misc_feat_pillars,
          minivault_23, uniq_louise, uniq_roxanne
D:15:     grunt_enter_depths_magical_seal, layout_basic, patterned_corridor
Temple:   lightli_temple_of_artemis
Lair:1:   wander_river, layout_regular_city, grunt_megastairs_5,
          lemuel_fruit_fields
Lair:2:   layout_chaotic_city, ebering_ghost_funeral_grove, grunt_megastairs_2,
          infiniplex_staircase_pool_2
Lair:3:   layout_gridlike, guppyfry_snake_entry_garden, lemuel_centaur_altar
Lair:4:   layout_regular_city, minmay_shoals_entry_hut, gauntlet_entry_generic,
          kilobyte_rumbling_trees, uniq_snorg
Lair:5:   layout_hall_layers, minmay_slime_entry_pillars
Lair:6:   evilmike_catoblepas_cave, layout_gridlike, zaba_antful_of_joy
Shoals:1: layout_shoals
Shoals:2: layout_shoals, uniq_polyphemus, uniq_ilsuiw, uniq_jorgrun
Shoals:3: layout_shoals, portal_ice_cave_entry_pillars_four
Shoals:4: shoals_end_grunt_ice, layout_shoals, nicolae_shoals_hunting_party
Snake:1:  layout_chambers, serial_shops, shop_fountains, shop, uniq_kirke
Snake:2:  layout_grid_shapes, uniq_vashnia, uniq_saint_roka, uniq_agnes
Snake:3:  layout_onion, serial_bayou_lagoon_a, serial_bayou_lake_a
Snake:4:  snake_pit, layout_onion_interference, serial_shops, shop, shop,
          minmay_shop_grove, serial_bayou_shore_b
Slime:1:  layout_caves
Slime:2:  layout_caves
Slime:3:  layout_caves
Slime:4:  layout_caves
Slime:5
Orc:1:    layout_diamond_mine
Orc:2:    st_orc_ogre_mass, layout_diamond_mine, basic_altar
Elf:1:    eino_elf_arrival_shootout, layout_geoelf_grid, minmay_elf_demonology,
          uniq_aizul
Elf:2:    layout_onion_city, serial_shops, shop
Elf:3:    grunt_elf_hall_branching, layout_loops_ring, serial_shops,
          nicolae_shop_overgrown_old_shop, grunt_ministairs_9, uniq_bai_suzhen
Vaults:1: kb_rosetta, vaults_room_hallway, nicolae_vaults_specimen_jars,
          layout_vaults_chaotic_city
Vaults:2: vaults_dpeg_cross, st_lines, nicolae_vaults_network_square, v_misc_12,
          v_pattern_5, nicolae_vaults_theta, hangedman_vaults_nails,
          vaults_dpeg_spiral, vaults_dpeg_ring, ontoclasm_vaults_eye,
          minmay_crypt_entry_simple_statues, nicolae_vaults_mini_display_case,
          layout_vaults_omnibox
Vaults:3: nicolae_vaults_border_crossing, v_misc_13,
          nicolae_vaults_little_squares_3, nicolae_vaults_disjoint_gnomons,
          hangedman_vaults_cutoff, st_cells, v_alt_pattern_4,
          hangedman_vaults_slice, v_misc_25, vaults_room_fours, v_pattern_4,
          vaults_room_pools, layout_vaults_maze_snakey, basic_altar
Vaults:4: v_misc_24, v_misc_32, nicolae_vaults_little_squares_5, v_misc_2,
          ontoclasm_vaults_claustrophobia, vaults_room_door_ring, v_misc_8,
          vaults_dpeg_encased_lava, layout_vaults_quadrants
Vaults:5
Crypt:1:  layout_misc_corridors, uniq_sojobo
Depths:1: layout_honeycomb, grunt_hell_entry_dis_old, hangedman_decor_opposing,
          serial_sigils, serial_sigils_hangedman_gut,
          serial_sigils_hangedman_stare, serial_sigils_hangedman_snap,
          serial_sigils_hangedman_scratch, kennysheep_generic_room_14,
          uniq_nikola
Depths:2: gammafunk_sealed_library, layout_cave_pools, minmay_hedge_maze,
          serial_shops, shop, special_room [special_room_mythical_zoo],
          nicolae_trove_entry_path_of_doom, grunt_mini_vestibule
Depths:3: minmay_the_grid_triangle_9x9_rhombus_full_mashed
          [minmay_the_grid_triangle_9x9_windchime,
          minmay_the_grid_triangle_9x9_cache,
          minmay_the_grid_triangle_9x9_empty,
          minmay_the_grid_triangle_9x9_swiss_cheese,
          minmay_the_grid_triangle_9x9_longest,
          minmay_the_grid_triangle_9x9_corruption,
          minmay_the_grid_triangle_9x9_empty,
          minmay_the_grid_triangle_9x9_prize_insulated], layout_cave_pools,
          serial_shops, nicolae_shop_behind_doors, wad_floor_pattern_1,
          pan_entry, hell_entry, grunt_tower_of_power
Depths:4: hangedman_slaughterboxes, hell_entry, pan_entry, abyss_entry,
          uniq_mara, uniq_frederick
Depths:5: grunt_zot_entry_tricorne, layout_gridlike, enter_ziggurat_f,
          grunt_decor_cap, pf_dread_powers_of_hell, serial_shops, shop,
          serial_bayou_shore_a
Hell

Skill      XL: |  1  2  3  4  5  6  7  8  9 10 11 12 13 14 15 16 17 18 19 20 21 22 23 24 25 26 27 |
---------------+----------------------------------------------------------------------------------+-----
Polearms       | 2 3 4 6 |  6.0
Shields        | 4 5 6 8 9 10 12 13 15 17 19 20 22 23 25 | 25.0
Armour         | 4 5 6 7 8 9 10 11 12 13 14 15 16 | 16.2
Dodging        | 1 2 3 4 5 6 8 9 10 11 12 13 | 13.5
Axes           | 2 4 6 7 10 11 12 14 15 | 15.2
Invocations    | 1 2 3 5 6 7 |  7.7
Fighting       | 5 11 14 16 18 20 21 22 23 24 25 | 25.6
Evocations     | 1 2 |  2.6
Stealth        | 2 4 5 |  5.0
Short Blades   | 4 7 8 |  8.0
Maces & Flails | 6 9 |  9.4
Long Blades    | 7 12 14 | 14.6

Action                   |  1- 3 |  4- 6 |  7- 9 | 10-12 | 13-15 | 16-18 | 19-21 | 22-24 | 25-27 || total
-------------------------+-------+-------+-------+-------+-------+-------+-------+-------+-------++-------
Melee: Trident           |   138 |   294 |       |   810 |       |       |       |       |       ||  1242
       War axe           |       |    27 |   311 |   690 |   562 |       |       |       |       ||  1590
       Short sword       |       |       |       |     8 |       |       |       |       |       ||     8
       Hand axe          |       |       |       |       |   642 |  1899 |   449 |       |       ||  2990
       Spear             |       |       |       |       |    63 |       |       |       |       ||    63
       Quick blade       |       |       |       |       |       |       |  2681 |       |       ||  2681
       Flail             |       |       |       |       |       |       |   521 |  2954 |   201 ||  3676
       Long sword        |       |       |       |       |       |       |       |       |  2805 ||  2805
Invok: Heroism           |       |       |     1 |    11 |    12 |     7 |     2 |     1 |     4 ||    38
       Finesse           |       |       |       |     2 |     7 |     8 |     3 |    10 |    15 ||    45
 Abil: Fly               |       |       |       |       |       |     1 |       |     3 |     1 ||     5
       Stop Flying       |       |       |       |       |       |     1 |       |     3 |       ||     4
       Evoke Invisibilit |       |       |       |       |       |       |       |     2 |       ||     2
       Evoke Blink       |       |       |       |       |       |       |       |     1 |       ||     1
Evoke: Wand              |       |       |       |     7 |    11 |    19 |       |     1 |     1 ||    39
  Use: Potion            |     1 |       |     4 |     7 |    12 |     4 |     1 |    16 |    15 ||    60
       Scroll            |       |       |    12 |    21 |    11 |    10 |     6 |    25 |     9 ||    94
 Stab: Distracted        |       |       |       |     2 |       |       |       |       |       ||     2
       Petrified         |       |       |       |       |     5 |       |       |       |       ||     5
       Petrifying        |       |       |       |       |     2 |       |       |       |       ||     2
       Sleeping          |       |       |       |       |       |     1 |       |    10 |       ||    11
  Eat: Ration            |       |     2 |     4 |    10 |     9 |    10 |    10 |    13 |    10 ||    68
       Chunk             |       |       |       |     2 |       |       |     6 |     1 |     5 ||    14
Armor: Scale mail        |    60 |   110 |       |       |       |       |       |       |       ||   170
       Chain mail        |       |    43 |   201 |     7 |       |   239 |   768 |   769 |       ||  2027
       Ring mail         |       |       |       |   587 |   379 |   238 |       |       |       ||  1204
       Leather armour    |       |       |       |       |       |       |       |    98 |       ||    98
       Plate armour      |       |       |       |       |       |       |       |   503 |  1540 ||  2043
Dodge: Dodged            |    37 |    85 |   103 |   666 |   613 |   725 |   985 |  1351 |  1539 ||  6104
Block: Shield            |    80 |   151 |   226 |  1196 |   754 |  1163 |   562 |       |       ||  4132
       Reflection        |       |       |     6 |     2 |       |       |    90 |   110 |    56 ||   264
       Large shield      |       |       |       |       |       |       |  2247 |  4298 |  4824 || 11369
       Rpst.: Quick blade |       |       |       |       |       |       |    87 |       |       ||    87
       Flail             |       |       |       |       |       |       |    42 |   258 |    20 ||   320
       Long sword        |       |       |       |       |       |       |       |       |   375 ||   375
